 Dungeon Sprint DCSS version 0.29-a0-338-g1ff7896281 (webtiles) character file.

Game seed: 8360712699732721607

31848 mhtbhm the Unseen (level 13, -3/148 HPs)
             Began as a Gargoyle Berserker on Apr 17, 2022.
             Was a High Priest of Trog.
             Engulfed by Roschiplo the pandemonium lord's freezing vapour (9 damage)
             ... in the Dungeon (Sprint IV: "Fedhas' Mad Dash") on Apr 18, 2022.
             The game lasted 00:13:50 (7633 turns).

mhtbhm the Unseen (Gargoyle Berserker)              Turns: 7633, Time: 00:13:50

Health: -3/148     AC: 26    Str: 25    XL:     13   Next: 60%
Magic:  22/22      EV: 14    Int: 16    God:    Trog [*****.]
Gold:   258        SH: 12    Dex: 14    Spells: 12/12 levels left

rFire   . . .      SeeInvis +   a - +5 demon whip (flame)
rCold   . . .      Faith    .   c - +2 buckler {AC+3}
rNeg    + + +      Spirit   .   b - +4 faerie dragon scales {rElec rN+++ rCorr Int+7 Dex-2}
rPois   ∞          Reflect  +   p - +2 helmet "Rosin" {Dex+3}
rElec   +          Harm     .   (no cloak)
rCorr   +          Rampage  .   (no gloves)
Will    .....      NoTele   +   (no boots)
Stlth   ..........              o - amulet of a Thousand Knaves {Reflect rN+ MP+9 Dex+4 SH+5 SInv}
HPRegen 0.34/turn               (no ring)
MPRegen 0.18/turn               (no ring)

@: berserking, corroded, slowed
A: sickness immunity, AC +9, negative energy resistance 1, electricity
resistance, torment resistance 1, petrification resistance
0: Orb of Zot
a: Renounce Religion, Berserk, Trog's Hand, Brothers in Arms


You were in the Dungeon.
You worshipped Trog.
Trog was extremely pleased with you.
You visited 1 branch You collected 514 gold pieces.
You spent 256 gold pieces at shops.

Inventory:

Hand Weapons
 a - a +5 demon whip of flaming (weapon)
 e - the +8 flail of Ciorasae {vorpal, rN++ Dex+3}
   (Trog gifted it to you in the Dungeon)

   It inflicts extra damage upon your enemies.
   Dex:       It affects your dexterity (+3).
   rN:        It greatly protects you from negative energy.
 l - the +12 battleaxe of Yesterday {vorpal, rCorr Dex+4 Stlth+}
   (Trog gifted it to you in the Dungeon)

   It inflicts extra damage upon your enemies.
   Dex:       It affects your dexterity (+4).
   rCorr:     It protects you from acid and corrosion.
   Stlth:     It makes you more stealthy.
 n - a +4 dire flail
Missiles
 m - 6 atropa-tipped darts (quivered)
Armour
 b - the +4 faerie dragon scales (worn) {rElec rN+++ rCorr Int+7 Dex-2}
   (You took it off the Enchantress in the Dungeon)

   Int:       It affects your intelligence (+7).
   Dex:       It affects your dexterity (-2).
   rElec:     It insulates you from electricity.
   rN:        It renders you almost immune to negative energy.
   rCorr:     It protects you from acid and corrosion.
 c - a +2 buckler of protection (worn)
 p - the +2 helmet "Rosin" (worn) {Dex+3}
   (You bought it in a shop in the Dungeon)

   Dex:       It affects your dexterity (+3).
Jewellery
 i - the amulet of invisibility {+Inv}
   (You found it in the Dungeon)

   [amulet of nothing]

   +Inv:      It lets you turn invisible.
 o - the amulet of a Thousand Knaves (around neck) {Reflect rN+ MP+9 Dex+4 SH+5 SInv}
   (You found it in the Dungeon)

   [amulet of reflection]

   It reflects blocked missile attacks.
   Dex:       It affects your dexterity (+4).
   rN:        It protects you from negative energy.
   MP:        It affects your magic capacity (+9).
   SInv:      It lets you see invisible.
   SH:        It affects your SH (+5).
Potions
 f - 2 potions of magic
 g - a potion of berserk rage
Miscellaneous
 j - a phial of floods


   Skills:
 + Level 18.5 Fighting
 + Level 18.4 Maces & Flails
 + Level 0.6 Throwing
 + Level 16.6 Armour
 + Level 7.8 Dodging
 + Level 19.2 Stealth
 + Level 4.4 Shields
 + Level 10.3 Evocations


You had 12 spell levels left.
You didn't know any spells.
Your spell library was empty.

Dungeon Overview and Level Annotations

Branches:
Dungeon (1/1)

Altars:
Cheibriados
Dithmenos
Elyvilon
Gozag
Hepliaklqana
Kikubaaqudgha
Makhleb
Nemelex Xobeh
Okawaru
Qazlal
Ru
Sif Muna
Trog
Uskayaw
Vehumet
Wu Jian
Xom
Yredelemnul
Zin
The Shining One
Beogh
Jiyva
Lugonu

Shops:
D ?(*!!:*[*(:![[=:[[[[:


Innate Abilities, Weirdness & Mutations

You are immune to sickness and miasma.
Your stone body is resilient. (AC +9)
You are immune to poison.
You resist negative energy. (rN+)
You are resistant to electric shocks. (rElec)
You are resistant to unholy torment.
You are immune to petrification.


Message History

You feel much better. Roschiplo hits you!! Roschiplo drains your vigour!
You feel as though you will be slow longer.
Roschiplo hits you! Roschiplo drains your vigour!
You feel as though you will be slow longer.
Unknown command.
Unknown command.
A red film seems to cover your vision as you go berserk!
You feel yourself moving faster!
You feel mighty!
You are engulfed in freezing vapours.
You block Roschiplo's attack. Roschiplo hits you but does no damage.
The lich conjures an orb of pure magic.
The wavering orb of destruction weakly hits you!
* * * LOW HITPOINT WARNING * * *
You hit Roschiplo.
Roschiplo is lightly wounded.
You block Roschiplo's attack.
You hit Roschiplo but do no damage.
Roschiplo is lightly wounded.
You are engulfed in freezing vapours.
* * * LOW HITPOINT WARNING * * *
Roschiplo hits you.
* * * LOW HITPOINT WARNING * * *
Roschiplo drains your vigour!
You feel as though you will be slow longer.
You block the lich's attack.
You closely miss Roschiplo.
Roschiplo is lightly wounded.
You are engulfed in freezing vapours.
* * * LOW HITPOINT WARNING * * *
You completely miss Roschiplo.
Roschiplo is lightly wounded.
You are engulfed in freezing vapours.
Roschiplo hits you!
* * * LOW HITPOINT WARNING * * *
The lich touches you.
* * * LOW HITPOINT WARNING * * *
Unknown command.
You whack Roschiplo!
Roschiplo is lightly wounded.
You are engulfed in freezing vapours.
You die...

######################)#
..♣..♣..♣..♣..♣..♣..♣..#
.....).................#
..♣..♣..♣..♣..♣..♣..♣..#
########################
###....######.○○L○.####
...........○○°4&☼.○°°○♣#
...........).#######...#
..........))....@L4...♣#
###....######...☼&°####
###### ########


You could see Roschiplo (clouds), a lich (invisible) and a rust devil.

Vanquished Creatures
  Agnes (D)
  2 ghost moths (D)
  4 spriggan defenders (D)
  5 spriggan berserkers (D)
  4 spriggan druids (D)
  25 oklob plants (D)
  3 moths of wrath (D)
  4 demonic crawlers (D)
  3 burning bushes (D)
  2 queen bees (D)
  3 wandering mushrooms (D)
  9 hornets (D)
  4 scorpions (D)
  4 killer bees (D)
  5 oklob saplings (D)
  8 spriggans (D)
  A river rat (D)
  A rat (D)
88 creatures vanquished.

Vanquished Creatures (collateral kills)
  the Enchantress (D)
  2 spriggan defenders (D)
  3 spriggans (D)
  A hornet (D)
7 creatures vanquished.

Vanquished Creatures (others)
  2 ballistomycete spores (D)
2 creatures vanquished.

Grand Total: 97 creatures vanquished

Notes
Turn   | Place    | Note
-------+----------+-------------------------------------------
     0 | D        | mhtbhm the Gargoyle Berserker began the quest for the Orb.
     0 | D        | Reached XP level 1. HP: 14/14 MP: 1/1
    10 | D        | Reached XP level 2. HP: 20/20 MP: 2/2
   156 | D        | Noticed an oklob sapling
   157 | D        | Killed an oklob sapling
   157 | D        | Reached ** piety under Trog
   158 | D        | Reached skill level 5 in Fighting
   158 | D        | Reached skill level 5 in Maces & Flails
   158 | D        | Reached XP level 3. HP: 26/26 MP: 3/3
   199 | D        | Noticed a scorpion
   199 | D        | Found the amulet of invisibility {+Inv}
   206 | D        | Killed a scorpion
   207 | D        | Reached XP level 4. HP: 25/32 MP: 4/4
   458 | D        | Found an opulent altar of Gozag.
   458 | D        | Found a hazy altar of Hepliaklqana.
   458 | D        | Found a burning altar of Makhleb.
   458 | D        | Found a sparkling altar of Nemelex Xobeh.
   458 | D        | Found a snail-covered altar of Cheibriados.
   458 | D        | Found a sacrificial altar of Ru.
   458 | D        | Found a shimmering blue altar of Sif Muna.
   458 | D        | Found a shimmering altar of Xom.
   458 | D        | Found a basalt altar of Yredelemnul.
   459 | D        | Found a viscous altar of Jiyva.
   459 | D        | Found a bloodstained altar of Trog.
   459 | D        | Found an ornate altar of the Wu Jian Council.
   459 | D        | Noticed an oklob sapling priest
   460 | D        | Found an iron altar of Okawaru.
   460 | D        | Found a shadowy altar of Dithmenos.
   460 | D        | Found a glowing silver altar of Zin.
   461 | D        | Found an ancient bone altar of Kikubaaqudgha.
   461 | D        | Found a hide-covered altar of Uskayaw.
   462 | D        | Found a stormy altar of Qazlal.
   462 | D        | Found a white marble altar of Elyvilon.
   462 | D        | Found a glowing golden altar of the Shining One.
   463 | D        | Found a corrupted altar of Lugonu.
   463 | D        | Found a radiant altar of Vehumet.
   469 | D        | Killed an oklob sapling priest
   470 | D        | Reached XP level 5. HP: 38/38 MP: 3/5
   530 | D        | Reached skill level 1 in Stealth
   697 | D        | Reached *** piety under Trog
   698 | D        | Reached skill level 1 in Evocations
   709 | D        | Reached skill level 5 in Armour
   709 | D        | Reached XP level 6. HP: 11/45 MP: 6/6
   931 | D        | Found Poxtyvel's Jewellery Shop.
   931 | D        | Found Yheppibi's Armour Emporium.
   947 | D        | Noticed a burning bush
   947 | D        | Noticed a wandering mushroom
  1058 | D        | Killed a wandering mushroom
  1059 | D        | Reached skill level 2 in Stealth
  1059 | D        | Reached XP level 7. HP: 36/51 MP: 7/7
  1148 | D        | Noticed a wandering mushroom
  1158 | D        | Reached **** piety under Trog
  1285 | D        | Killed a wandering mushroom
  1286 | D        | Reached skill level 10 in Maces & Flails
  1286 | D        | Reached skill level 3 in Stealth
  1463 | D        | Killed a burning bush
  1464 | D        | Reached skill level 10 in Fighting
  1464 | D        | Reached skill level 5 in Dodging
  1464 | D        | Reached XP level 8. HP: 57/57 MP: 8/8
  1468 | D        | Found Ahuep's Antique Armour Emporium.
  1468 | D        | Found Udixzil's Antique Armour Shoppe.
  1573 | D        | Noticed a queen bee
  1588 | D        | Killed a queen bee
  1590 | D        | Reached ***** piety under Trog
  1591 | D        | Reached skill level 4 in Stealth
  1665 | D        | Noticed an oklob plant
  1672 | D        | Killed an oklob plant
  1673 | D        | Reached skill level 10 in Armour
  1673 | D        | Reached XP level 9. HP: 63/63 MP: 9/9
  1712 | D        | Noticed a burning bush
  1724 | D        | Killed a burning bush
  1868 | D        | Noticed a burning bush
  1868 | D        | Noticed an oklob plant
  1869 | D        | Noticed a wandering mushroom
  1878 | D        | Killed a burning bush
  2132 | D        | Killed a wandering mushroom
  2133 | D        | Reached skill level 5 in Stealth
  2192 | D        | Killed an oklob plant
  2192 | D        | Received a gift from Trog
  2193 | D        | Reached skill level 6 in Stealth
  2193 | D        | Reached skill level 5 in Evocations
  2202 | D        | Identified the amulet of the Raven {Reflect rN+ SH+5}
  2255 | D        | Noticed a spriggan druid
  2261 | D        | Killed a spriggan druid
  2262 | D        | Reached XP level 10. HP: 71/71 MP: 10/10
  2349 | D        | Noticed an oklob plant conjurer
  2352 | D        | Killed an oklob plant conjurer
  2353 | D        | Reached skill level 7 in Stealth
  2441 | D        | Noticed an oklob plant
  2441 | D        | Noticed an oklob plant summoner
  2442 | D        | Noticed an oklob plant shifter
  2451 | D        | Killed an oklob plant
  2453 | D        | Killed an oklob plant summoner
  2453 | D        | Identified the +12 battleaxe of Yesterday {vorpal, rCorr
                  | Dex+4 Stlth+} (Trog gifted it to you in the Dungeon)
  2453 | D        | Received a gift from Trog
  2454 | D        | Reached skill level 8 in Stealth
  2457 | D        | Killed an oklob plant shifter
  2504 | D        | Noticed a demonic crawler
  2514 | D        | Killed a demonic crawler
  2533 | D        | Noticed a spriggan rider
  2536 | D        | Killed a spriggan rider
  2537 | D        | Reached skill level 9 in Stealth
  2539 | D        | Reached skill level 15 in Maces & Flails
  2540 | D        | Received a gift from Trog
  2675 | D        | Found Qucloqoe's Armour Emporium.
  2684 | D        | Found Evvibbu's Book Shoppe.
  2752 | D        | Noticed Agnes
  2760 | D        | Killed Agnes
  2761 | D        | Reached skill level 10 in Stealth
  2761 | D        | Reached skill level 1 in Shields
  2761 | D        | Reached XP level 11. HP: 69/78 MP: 11/11
  2886 | D        | Found Jimetza's Book Emporium.
  2886 | D        | Noticed a spriggan berserker
  2888 | D        | Noticed a death yak
  2899 | D        | Killed a spriggan berserker
  2972 | D        | Found Afulapuf's Antique Armour Shoppe.
  2976 | D        | Noticed a spriggan defender
  2985 | D        | Killed a spriggan defender
  2986 | D        | Reached skill level 11 in Stealth
  3268 | D        | Noticed a spriggan rider
  3280 | D        | Killed a spriggan rider
  3513 | D        | Killed a ghost moth
  3520 | D        | Reached skill level 15 in Fighting
  3520 | D        | Reached skill level 12 in Stealth
  3539 | D        | Found Paesayst's Magic Scroll Shoppe.
  3539 | D        | Found Enuafum's Antique Weapon Boutique.
  3539 | D        | Found Mosuaw's General Store.
  3662 | D        | Noticed an oklob plant shifter
  3662 | D        | Noticed an oklob plant meteorologist
  3676 | D        | Killed an oklob plant meteorologist
  3676 | D        | Received a gift from Trog
  3688 | D        | Killed an oklob plant shifter
  3936 | D        | Noticed a spriggan rider
  3958 | D        | Identified the +8 flail of Ciorasae {vorpal, rN++ Dex+3}
                  | (Trog gifted it to you in the Dungeon)
  3958 | D        | Received a gift from Trog
  4068 | D        | Found Erchuaw's Distillery.
  4068 | D        | Found Nabroj's Book Boutique.
  4068 | D        | Found Ytante's Distillery.
  4068 | D        | Found Sosagguz's Armour Emporium.
  4068 | D        | Found Syonacho's Assorted Antiques.
  4069 | D        | Found Diohi's Antique Weapon Emporium.
  4069 | D        | Found Arokluf's Book Shop.
  4069 | D        | Found Jaedet's Assorted Antiques.
  4098 | D        | Noticed an oklob plant summoner
  4099 | D        | Found Irobyam's Distillery.
  4100 | D        | Found Usoexeli's Antique Armour Shop.
  4107 | D        | Killed an oklob plant summoner
  4114 | D        | Noticed an oklob plant demonologist
  4114 | D        | Noticed an oklob plant annihilator
  4115 | D        | Noticed a spriggan berserker
  4159 | D        | Killed a spriggan berserker
  4166 | D        | Killed an oklob plant annihilator
  4167 | D        | Reached XP level 12. HP: 88/88 MP: 10/12
  4177 | D        | Received a gift from Trog
  4178 | D        | Reached skill level 13 in Stealth
  4178 | D        | Identified the amulet of a Thousand Knaves {Reflect rN+
                  | MP+9 Dex+4 SH+5 SInv}
  4273 | D        | Bought a smoking helmet for 256 gold pieces
  4273 | D        | Identified the +2 helmet "Rosin" {Dex+3} (You bought it in
                  | a shop in the Dungeon)
  4879 | D        | Received a gift from Trog
  4880 | D        | Reached skill level 14 in Stealth
  5187 | D        | Reached skill level 15 in Armour
  5193 | D        | Reached skill level 15 in Stealth
  5319 | D        | Noticed a spriggan defender
  5319 | D        | Noticed a spriggan defender
  5337 | D        | Killed a spriggan defender
  5352 | D        | Killed a spriggan defender
  5352 | D        | Received a gift from Trog
  5353 | D        | Reached skill level 16 in Stealth
  5789 | D        | Noticed a spriggan berserker
  5789 | D        | Noticed a spriggan berserker
  5799 | D        | Killed a spriggan berserker
  5800 | D        | Reached skill level 17 in Stealth
  5953 | D        | Killed a spriggan berserker
  5957 | D        | Reached XP level 13. HP: 96/96 MP: 5/13
  5959 | D        | Received a gift from Trog
  6036 | D        | Noticed a spriggan defender
  6054 | D        | Killed a spriggan defender
  6276 | D        | Reached skill level 10 in Evocations
  6371 | D        | Reached ****** piety under Trog
  6372 | D        | Reached skill level 18 in Stealth
  6490 | D        | Noticed the Enchantress
  6511 | D        | Killed the Enchantress
  6694 | D        | Received a gift from Trog
  6803 | D        | Noticed a ghost moth
  6830 | D        | Killed a ghost moth
  7356 | D        | Reached skill level 19 in Stealth
  7361 | D        | Noticed a spriggan defender
  7364 | D        | Noticed a spriggan defender
  7378 | D        | Killed a spriggan defender
  7378 | D        | Received a gift from Trog
  7381 | D        | Killed a spriggan defender
  7614 | D        | Got the Orb of Zot
  7617 | D        | Noticed a lich
  7617 | D        | Noticed Roschiplo the pandemonium lord
  7632 | D        | HP: 6/148 [lich[Roschiplo] (2)]
  7633 | D        | Engulfed by Roschiplo the pandemonium lord's freezing
                  | vapour

Illustrated notes

Levels and vault maps discovered:
D:        dungeon_sprint_fedhas [sprint_temple]

Skill      XL: |  1  2  3  4  5  6  7  8  9 10 11 12 13 |
---------------+----------------------------------------+-----
Fighting       | 4 5 6 7 8 9 10 12 13 15 17 18 | 18.5
Maces & Flails | 4 5 6 7 8 9 11 12 13 15 16 17 18 | 18.4
Armour         | 3 4 5 6 8 10 12 13 14 15 16 | 16.6
Dodging        | 2 3 4 5 6 7 |  7.8
Stealth        | 1 2 3 4 6 10 12 17 19 | 19.2
Evocations     | 1 2 3 4 5 6 8 9 10 | 10.3
Shields        | 1 2 4 |  4.4
Throwing       | |  0.6

Action                   |  1- 3 |  4- 6 |  7- 9 | 10-12 | 13-15 || total
-------------------------+-------+-------+-------+-------+-------++-------
Melee: Mace              |    12 |    32 |    99 |       |       ||   143
       Punch             |       |       |     1 |     2 |       ||     3
       Dire flail        |       |       |     5 |    95 |       ||   100
       Flail             |       |       |       |   122 |     6 ||   128
       Demon whip        |       |       |       |       |   110 ||   110
Throw: Dart              |       |       |       |       |     2 ||     2
Invok: Berserk           |     3 |     2 |     7 |    15 |     5 ||    32
       Brothers in Arms  |       |       |       |     4 |     3 ||     7
 Abil: Evoke Invisibilit |       |     2 |     3 |     8 |     2 ||    15
  Use: Potion            |       |       |       |     1 |     4 ||     5
       Scroll            |       |       |       |     1 |       ||     1
 Stab: Sleeping          |       |     1 |       |     2 |     1 ||     4
       Invisible         |       |       |     8 |    27 |     5 ||    40
       Distracted        |       |       |       |     1 |     1 ||     2
Armor: Animal skin       |     2 |       |       |       |       ||     2
       Chain mail        |       |     9 |    28 |    52 |    12 ||   101
       Acid dragon scale |       |       |       |       |    25 ||    25
Dodge: Dodged            |     6 |     4 |    37 |    25 |    29 ||   101
Block: Other             |       |       |     3 |     5 |       ||     8
       Buckler           |       |       |       |       |    31 ||    31

Table legend: (Time is in decaauts)
 A = Elapsed time spent in this place.
 B = Non-inter-level travel time spent in this place.
 C = Inter-level travel time spent in this place.
 D = Time resting spent in this place.
 E = Time spent auto-exploring this place.
 F = Levels seen in this place.
 G = Mean time per level.
                   A        B        C        D        E       F      G
               +--------+--------+--------+--------+--------+-----+--------+
         Total |   7793 |   7793 |      0 |   6054 |      3 |   1 | 7793.0 |
       Dungeon |   7793 |   7793 |      0 |   6054 |      3 |   1 | 7793.0 |
               +--------+--------+--------+--------+--------+-----+--------+

Top non-repeatable levels by time:
       D: 7793 daAuts
